 Dungeon Crawl Stone Soup version 0.20.0-10-g0535bb4 (webtiles) character file.

8707 Ketharn the Bludgeoner (level 11, -22/83 HPs)
             Began as a Minotaur Berserker on June 1, 2017.
             Was an Elder of Trog.
             Hit by a large rock thrown by a cyclops (24 damage)
             ... on level 9 of the Dungeon on June 5, 2017.
             The game lasted 00:35:43 (7890 turns).

Ketharn the Bludgeoner (Minotaur Berserker)         Turns: 7890, Time: 00:35:45

Health: -22/83     AC: 15    Str: 25    XL:     11   Next: 13%
Magic:  10/10      EV:  9    Int: -1    God:    Trog [****..]
Gold:   197        SH:  2    Dex: 10    Spells: 10/10 levels left

rFire    . . .     SeeInvis .   f - +2 flail (crush)
rCold    . . .     Gourm    .   (no shield)
rNeg     . . .     Faith    .   H - +1 chain mail of the Five Planets {rPois Int-5 Slay+2}
rPois    +         Spirit   .   (helmet restricted)
rElec    .         Reflect  +   a - +2 cloak {+Inv}
rCorr    .         Harm     .   (no gloves)
MR       .....                  e - +0 pair of boots
Stlth    ..........             F - +2 amulet of reflection
Regen    0.3/turn               B - +1 ring of protection
MPRegen  0.2/turn               (no ring)

@: lethally poisoned (-22 -> -53), berserk cooldown, slowed, lost intelligence,
very slow
A: retaliatory headbutt, horns 2
a: Berserk, Trog's Hand, Brothers in Arms, Burn Spellbooks, Renounce Religion,
Evoke Invisibility


You were on level 9 of the Dungeon.
You worshipped Trog.
Trog was greatly pleased with you.
You were not hungry.

You visited 1 branch of the dungeon, and saw 9 of its levels.

You collected 415 gold pieces.
You spent 218 gold pieces at shops.

Inventory:

Hand Weapons
 f - a +2 flail of crushing (weapon)
 h - a +0 flail of protection
 N - a +1 dire flail of holy wrath
Missiles
 t - 12 tomahawks (quivered)
Armour
 a - a +2 cloak of invisibility (worn)
 b - a +0 animal skin
 e - a +0 pair of boots (worn)
 p - a +3 leather armour of fire resistance
 u - a +1 chain mail
 H - the +1 chain mail of the Five Planets (worn) {rPois Int-5 Slay+2}
   (You bought it in a shop on level 7 of the Dungeon)

   It affects your intelligence (-5).
   It affects your accuracy and damage with ranged weapons and melee attacks
   (+2).
   It protects you from poison.
 P - a +0 pair of boots
Jewellery
 g - an uncursed amulet of the gourmand {unknown}
 o - an uncursed ring of wizardry
 A - an uncursed amulet of harm
 B - a +1 ring of protection (left hand)
 F - a +2 amulet of reflection (around neck)
 Q - a cursed ring of teleportation {unknown}
Wands
 i - a wand of disintegration (10/24)
 O - a wand of polymorph (14/24)
 R - a wand of random effects (27/48)
Scrolls
 k - a scroll of enchant armour
 n - 4 scrolls of teleportation
 w - a scroll of enchant weapon {unknown}
 x - a scroll of magic mapping
 y - 2 scrolls of recharging {unknown}
 D - a scroll of remove curse
 I - 2 scrolls of identify
 J - a scroll of amnesia {unknown}
 K - 2 scrolls of acquirement {unknown}
 S - a scroll of holy word {unknown}
Potions
 d - 2 potions of agility
 j - a potion of berserk rage {unknown}
 l - 3 potions of brilliance {unknown}
 q - 2 potions of degeneration {unknown}
 r - 2 potions of ambrosia {unknown}
 s - 2 potions of haste {unknown}
 v - 4 potions of heal wounds {unknown}
 z - a potion of resistance {unknown}
 C - 2 potions of cancellation {unknown}
 L - a potion of might {unknown}
 M - 3 potions of lignification {unknown}
Comestibles
 c - 7 bread rations
 m - 2 meat rations
 E - 2 fruits
 G - 3 royal jellies


   Skills:
 - Level 3.9 Fighting
   Level 6.2(13.5) Axes
 * Level 18.2(18.5) Maces & Flails
 - Level 2.6 Armour
 - Level 2.5 Dodging


You had 10 spell levels left.
You didn't know any spells.

Dungeon Overview and Level Annotations

Branches:
Dungeon (9/15)             Temple (0/1) D:4            Lair (0/6) D:8
    Orc: D:9-12

Altars:
Fedhas
Hepliaklqana
Kikubaaqudgha
Makhleb
Okawaru
Qazlal
Ru
Trog
Uskayaw
Xom
Yredelemnul

Shops:
D:7 [


Innate Abilities, Weirdness & Mutations

You reflexively headbutt those who attack you in melee.
You have a pair of horns on your head.


Message History

* * * LOW HITPOINT WARNING * * *
You feel very sick.
The orc wizard hits you but does no damage.
The scorpion closely misses you.
You sock the scorpion!
You kill the scorpion!
Trog accepts your kill.
* * * LOW HITPOINT WARNING * * *
You feel very sick.
The orc wizard hits you from afar with a glaive of venom.
* * * LOW HITPOINT WARNING * * *
The orc wizard closely misses you.
You sock the crimson imp!
You kill the crimson imp!
Trog accepts your kill.
* * * LOW HITPOINT WARNING * * *
You feel very sick.
The orc wizard hits you but does no damage.
The cyclops throws a large rock.
The large rock hits you!!
You die...

#..##...##.#
#.#...##
##..##.###.#
#.##.... ..### #..
. .. ##...
.#########.#
#######. ....#
.... #..... ...#
...#. #.####
#..#..#... ..
#..#...... ##
#.@)C# #.)#o.....
#..# .#...
#########..# .. .
...........# ..
########...#####.#
#..........
#.........
#.########


You could see a cyclops and an orc wizard.

Vanquished Creatures
  3 two-headed ogres (D:8)
  A centaur warrior (D:9)
  The ghost of morbho the Covert, a novice SpEn of Gozag (D:8)
  Pikel (D:5)
  An ugly thing (D:9)
  A spiny frog (D:8)
  2 trolls (D:9)
  Grinder (D:4)
  2 hippogriffs
  Sigmund (D:4)
  A spriggan (D:8)
  A wyvern (D:9)
  A hungry ghost (D:7)
  Edmund (D:5)
  An ice beast (D:8)
  2 sky beasts
  A black bear (D:9)
  3 slaves (D:5)
  An eye of draining (D:8)
  A centaur (D:8)
  2 ogres
  6 bullfrogs
  A wyvern zombie (D:7)
  A water moccasin zombie (D:8)
  A scorpion (D:9)
  4 howler monkeys
  5 crimson imps
  3 centaur zombies
  2 bullfrog zombies
  5 hounds
  A jelly (D:9)
  Crazy Yiuf (D:3)
  2 orc priests
  A centaur skeleton (D:8)
  5 orc wizards
  6 worker ants
  A hound zombie (D:5)
  A hound skeleton (D:7)
  A worker ant zombie (D:7)
  6 gnolls (D:3)
  11 adders
  3 shadow imps
  An ooze (D:1)
  An adder zombie (D:6)
  An adder skeleton (D:8)
  2 worms (D:3)
  A dart slug (D:3)
  3 leopard geckos
  24 orcs
  5 bats
  2 giant cockroaches
  5 goblins
  6 hobgoblins
  11 jackals
  6 quokkas
  8 frilled lizards
  2 jackal skeletons
  A jackal zombie (D:5)
  2 kobolds
  A leopard gecko skeleton (D:4)
  9 rats
187 creatures vanquished.

Vanquished Creatures (others)
  A plant (D:8)
  5 toadstools (D:1)
  A withered plant (D:8)
7 creatures vanquished.

Grand Total: 194 creatures vanquished

Notes
Turn   | Place    | Note
-------+----------+-------------------------------------------
     0 | D:1      | Ketharn the Minotaur Berserker began the quest for the Orb.
     0 | D:1      | Reached XP level 1. HP: 19/19 MP: 0/0
    82 | D:1      | Reached XP level 2. HP: 21/27 MP: 1/1
   545 | D:2      | Reached XP level 3. HP: 33/33 MP: 2/2
   592 | D:2      | Reached skill level 5 in Axes
   688 | D:2      | Reached ** piety under Trog
  1151 | D:3      | Reached XP level 4. HP: 40/40 MP: 3/3
  1407 | D:3      | Reached skill level 1 in Maces & Flails
  1544 | D:3      | Found a faded altar of an unknown god.
  1651 | D:3      | Reached XP level 5. HP: 46/46 MP: 4/4
  1854 | D:3      | Reached skill level 2 in Maces & Flails
  2049 | D:3      | Found a runed door.
  2155 | D:3      | Noticed Crazy Yiuf
  2159 | D:3      | Killed Crazy Yiuf
  2159 | D:3      | Reached skill level 3 in Maces & Flails
  2233 | D:4      | Noticed Grinder
  2233 | D:4      | Paralysed by Grinder for 7 turns
  2245 | D:4      | Killed Grinder
  2245 | D:4      | Reached skill level 6 in Maces & Flails
  2245 | D:4      | Reached XP level 6. HP: 52/52 MP: 5/5
  2441 | D:4      | Reached XP level 7. HP: 58/58 MP: 6/6
  2442 | D:4      | Reached *** piety under Trog
  2512 | D:4      | Noticed Sigmund
  2520 | D:4      | Killed Sigmund
  2520 | D:4      | Reached skill level 7 in Maces & Flails
  2546 | D:4      | Found a staircase to the Ecumenical Temple.
  2859 | D:5      | Entered Level 5 of the Dungeon
  2932 | D:5      | Noticed Pikel
  2940 | D:5      | Reached skill level 8 in Maces & Flails
  2944 | D:5      | Killed Pikel
  2944 | D:5      | Reached skill level 10 in Maces & Flails
  2944 | D:5      | Reached XP level 8. HP: 66/66 MP: 7/7
  3043 | D:5      | Noticed Edmund
  3046 | D:5      | Found an iron altar of Okawaru.
  3064 | D:5      | Killed Edmund
  3064 | D:5      | Reached skill level 11 in Maces & Flails
  3194 | D:5      | Found a sacrificial altar of Ru.
  3231 | D:5      | Found a basalt altar of Yredelemnul.
  3280 | D:5      | Found a burning altar of Makhleb.
  3281 | D:5      | Found a shimmering altar of Xom.
  3281 | D:5      | Found a hazy altar of Hepliaklqana.
  3282 | D:5      | Found a stormy altar of Qazlal.
  3651 | D:6      | Found a blossoming altar of Fedhas.
  3711 | D:6      | Reached skill level 12 in Maces & Flails
  3853 | D:6      | Found a stormy altar of Qazlal.
  4240 | D:7      | Reached XP level 9. HP: 71/71 MP: 8/8
  4381 | D:7      | Reached **** piety under Trog
  4429 | D:7      | Found Muosat's Armour Shop.
  4432 | D:7      | Bought the cursed +1 chain mail of the Five Planets {rPois Int-5 Slay+2} for 218 gold pieces
  4443 | D:7      | Lost intelligence.
  4534 | D:7      | Reached skill level 13 in Maces & Flails
  4722 | D:8      | Found an ancient bone altar of Kikubaaqudgha.
  4723 | D:8      | Found a blossoming altar of Fedhas.
  4884 | D:8      | Found a staircase to the Lair.
  4904 | D:8      | Noticed morbho's ghost (novice SpEn)
  4944 | D:8      | Killed morbho's ghost
  4944 | D:8      | Reached skill level 14 in Maces & Flails
  5077 | D:8      | Noticed a two-headed ogre
  5084 | D:8      | Killed a two-headed ogre
  5084 | D:8      | Reached skill level 15 in Maces & Flails
  5084 | D:8      | Reached XP level 10. HP: 78/78 MP: 9/9
  5092 | D:8      | Noticed a two-headed ogre
  5099 | D:8      | Killed a two-headed ogre
  5125 | D:8      | Reached skill level 16 in Maces & Flails
  6554 | D:8      | Noticed a spiny frog
  6561 | D:8      | Killed a spiny frog
  7170 | D:8      | Found a bloodstained altar of Trog.
  7178 | D:8      | Noticed a two-headed ogre
  7184 | D:8      | Killed a two-headed ogre
  7184 | D:8      | Reached skill level 17 in Maces & Flails
  7425 | D:9      | Upgraded the game from 0.20.0-8-g6b59dc7 to 0.20.0-10-g0535bb4
  7621 | D:9      | Found a hide-covered altar of Uskayaw.
  7866 | D:9      | Noticed a centaur warrior
  7870 | D:9      | Noticed a purple ugly thing
  7873 | D:9      | Noticed a cyclops
  7874 | D:9      | Killed a centaur warrior
  7874 | D:9      | Reached skill level 18 in Maces & Flails
  7874 | D:9      | Reached XP level 11. HP: 83/83 MP: 10/10
  7887 | D:9      | Killed a purple ugly thing
  7890 | D:9      | HP: 2/83 [poisoned by an orc wizard]
  7890 | D:9      | Hit by a large rock thrown by a cyclops

Skill      XL: |  1  2  3  4  5  6  7  8  9 10 |
---------------+-------------------------------+-----
Axes           | 4 5 6 |  6.2
Maces & Flails | 1 6 10 12 15 18 | 18.2
Fighting       | |  3.9
Armour         | |  2.6
Dodging        | |  2.5

Action                   |  1- 3 |  4- 6 |  7- 9 | 10-12 || total
-------------------------+-------+-------+-------+-------++-------
Melee: Hand axe          |    72 |    17 |       |       ||    89
       Headbutt          |    11 |     7 |    31 |    23 ||    72
       Flail             |       |    55 |   197 |   119 ||   371
Throw: Tomahawk          |       |     3 |       |       ||     3
Invok: Berserk           |     3 |     6 |     9 |     5 ||    23
  Use: Scroll            |     6 |     3 |     3 |       ||    12
       Potion            |       |       |       |     3 ||     3
  Eat: Chunk             |     3 |     1 |     3 |     6 ||    13
       Meat ration       |       |     1 |     1 |     3 ||     5
       Fruit             |       |     3 |     1 |       ||     4
       Bread ration      |       |     1 |     1 |       ||     2
       Royal jelly       |       |     1 |       |       ||     1
Armor: Animal skin       |     3 |       |       |       ||     3
       Scale mail        |    20 |       |       |       ||    20
       Chain mail        |     5 |    59 |   116 |    91 ||   271
Dodge: Dodged            |    50 |    44 |    79 |    59 ||   232
Block: Other             |       |       |       |     8 ||     8
       Reflection        |       |       |       |     1 ||     1
